Sabres vs Kings
(R1)
Created - October 13, 2017 at 19:04
Goals
|
| Sabres |
1 |
3 |
1 |
5 |
| Kings |
0 |
2 |
0 |
2 |
|
Shots
|
| Sabres |
8 |
6 |
6 |
20 |
| Kings |
4 |
16 |
7 |
27 |
|
1st period
1. Sabres , Evander Kane 1 (Rob Scuderi 1) at 10:13 (PP)
Penalties :
Kyle Clifford (LAK) for Hooking (Minor) at 1:56, Nikita Kucherov (LAK) for Interference (Minor) at 9:38, Rob Scuderi (Buf) for Tripping (Minor) at 10:48
2nd period
2. Sabres , Evander Kane 2 (Vincent Lecavalier 1) at 1:50
3. Sabres , Michael Kostka 1 (Zack Kassian 1, Andrei Loktionov 1) at 2:27
4. Sabres , Darcy Hordichuk 1 (Matt Martin 1) at 6:48 (SH)
5. Kings , Peter Worrell 1 (Patrick Kaleta 1, Mike Comrie 1) at 8:11
6. Kings , Chris Mcallister 1 (Justin Faulk 1) at 14:46
Penalties :
Rob Scuderi (Buf) for Hooking (Minor) at 5:55, Jarome Iginla (LAK) for Interference (Minor) at 8:20, Michal Rozsival (LAK) for Roughing (Minor) at 15:41, Scottie Upshall (Buf) for Interference (Minor) at 19:58
3rd period
7. Sabres , Zack Kassian 1 (Vincent Lecavalier 2, J.T. Miller 1) at 4:06 (PP)
Penalties :
Darroll Powe (LAK) for Interference (Minor) at 3:21, Mike Comrie (LAK) for Interference (Minor) at 7:36, Branko Radivojevic (Buf) for Tripping (Minor) at 13:45
Goalie Stats
Robin Lehner (Buf), 25 saves from 27 shots - (0.926), W, 1-1-0, 60:00 minutes
Jonathan Quick (LAK), 7 saves from 11 shots - (0.636), L, 0-1-0, 26:48 minutes
Mike Brodeur (LAK), 8 saves from 9 shots - (0.889), 33:12 minutes
Players Stats for Sabres
Player Name G A P +/- PIM S H SB GA TA FO MP PP MP PK MP
------------------------------------------------------------------------------------
Andrei Loktionov 0 1 1 1 0 1 1 0 0 0 7/12 14:25 3:52 0:00
Brandon Sutter 0 0 0 0 0 0 1 1 0 0 4/6 13:07 0:36 4:23
Branko Radivojevic 0 0 0 0 2 0 0 0 0 0 0/0 7:53 0:06 0:00
Darcy Hordichuk 1 0 1 1 0 2 0 0 0 0 0/0 7:25 0:00 0:15
Evander Kane 2 0 2 0 0 4 5 1 0 0 0/0 19:48 3:59 1:17
J.T. Miller 0 1 1 1 0 1 4 0 0 0 2/2 21:10 5:17 4:15
Jakub Kindl 0 0 0 2 0 0 1 0 0 0 0/0 12:51 0:00 0:08
Jared Cowen 0 0 0 0 0 0 2 1 0 0 0/0 20:56 3:30 2:53
Jordan Leopold 0 0 0 1 0 0 0 1 0 0 0/0 13:59 0:00 1:35
Kyle Okposo 0 0 0 0 0 1 2 1 1 0 1/1 18:19 3:59 0:00
Matt Martin 0 1 1 1 0 2 1 0 0 0 1/1 11:01 0:00 1:50
Michael Kostka 1 0 1 0 0 1 1 1 0 0 0/0 21:25 3:30 3:43
Rob Scuderi 0 1 1 -1 4 2 1 1 0 0 0/0 24:13 5:46 2:17
Ryan O'Reilly 0 0 0 0 0 1 1 0 0 0 1/2 9:17 0:00 0:06
Scottie Upshall 0 0 0 0 2 1 2 0 1 0 0/0 9:32 0:00 0:00
Vincent Lecavalier 0 2 2 -1 0 1 2 1 0 0 8/22 21:50 5:11 1:53
Zach Bogosian 0 0 0 -1 0 2 1 1 0 0 0/0 26:52 5:46 5:16
Zack Kassian 1 1 2 0 0 1 1 0 1 0 0/1 17:57 4:48 1:53
Players Stats for Kings
Player Name G A P +/- PIM S H SB GA TA FO MP PP MP PK MP
------------------------------------------------------------------------------------
Anze Kopitar 0 0 0 -2 0 4 0 2 0 0 7/20 19:02 3:46 2:23
Chris Mcallister 1 0 1 1 0 1 2 0 0 0 0/0 13:46 0:00 5:12
Darroll Powe 0 0 0 1 2 0 2 0 0 0 2/3 8:04 0:00 0:00
Drew Doughty 0 0 0 -1 0 7 0 1 0 0 0/0 23:32 4:17 3:23
Drew Miller 0 0 0 -2 0 5 0 0 0 0 0/1 19:51 3:46 2:14
Jarome Iginla 0 0 0 0 2 0 1 0 0 1 0/0 14:49 3:55 0:00
Jordan Nolan 0 0 0 0 0 0 0 0 0 0 7/12 15:14 3:55 0:44
Justin Faulk 0 1 1 0 0 0 1 0 0 0 0/0 14:02 3:02 0:17
Kyle Clifford 0 0 0 -1 2 1 3 0 0 0 1/2 16:28 4:09 1:32
Ladislav Smid 0 0 0 1 0 2 2 2 0 0 0/0 17:09 0:00 5:49
Michal Rozsival 0 0 0 0 2 0 1 2 0 1 0/0 21:37 0:37 4:41
Mike Comrie 0 1 1 0 2 2 0 0 0 0 6/9 15:11 0:15 4:14
Nikita Kucherov 0 0 0 -2 2 1 1 0 0 0 0/0 16:31 3:46 0:00
Oliver Ekman-Larsson 0 0 0 0 0 0 4 1 0 1 0/0 24:01 4:54 3:27
Patrick Kaleta 0 1 1 1 0 2 2 2 0 0 0/0 12:55 0:00 2:04
Peter Worrell 1 0 1 1 0 1 1 1 0 0 0/0 9:55 0:00 0:09
Ryan Callahan 0 0 0 0 0 0 2 1 0 0 0/0 8:21 0:16 0:00
Torey Krug 0 0 0 -2 0 1 1 1 0 0 0/0 20:10 3:02 0:55
3 Stars
1 - Evander Kane (Buf)
2 - Zack Kassian (Buf)
3 - Chris Mcallister (LAK)
Power Play
Sabres - 2 on 6 Attempt(s) - 33.33%
Kings - 0 on 4 Attempt(s) - 0.00%
Penalty Kill
Sabres - 4 on 4 Attempt(s) - 100.00%
- Score 1 goal in Penalty Kill
Kings - 4 on 6 Attempt(s) - 66.67%
- Score 0 goal in Penalty Kill
Team Stat
Sabres - Hits : 26 - Faceoff Wins : 24 - Blocked Shots : 9 - Penalty Minutes : 8
Kings - Hits : 23 - Faceoff Wins : 23 - Blocked Shots : 13 - Penalty Minutes : 12
Official
Referees : Peel Tim and Marouelli Dan
Linesman : Bryan Pancich and Brian Murphy
Game Notes
Mike Brodeur enters game at 6:48 of 2nd period
9:57 of 3rd period - Kings goal is going for a video replay. After video review, No Goal. The goalkeeper has been pushed into the net together with the puck after making a save.
Finance
Level 1 -- Attendance: 5504 (91.73%) -- Ticket Income $495,360
Level 2 -- Attendance: 3613 (72.26%) -- Ticket Income $234,845
Level 3 -- Attendance: 1536 (76.80%) -- Ticket Income $61,440
Level 4 -- Attendance: 2775 (69.38%) -- Ticket Income $83,250
Luxury Box -- Attendance: 1000 (100.00%) -- Ticket Income $145,000
Game was played at the Staples Center.
Total Attendance: 14428 (80.16%)
Total Ticket Income: $1,019,895
Other Income: $152,984
Total Income: $1,172,879
Sabres
5 vs 5 Forward
Center Left Wing Right Wing Time % Phy DF OF
1 Vincent Lecavalier Evander Kane Kyle Okposo 40 0 2 3
2 Andrei Loktionov J.T. Miller Zack Kassian 30 0 2 3
3 Ryan O'Reilly Matt Martin Scottie Upshall 20 1 2 2
4 Brandon Sutter Darcy Hordichuk Branko Radivojevic 10 1 2 2
5 vs 5 Defense
Defense Defense Time % Phy DF OF
1 Zach Bogosian Rob Scuderi 40 0 2 3
2 Michael Kostka Jared Cowen 30 1 2 2
3 Jakub Kindl Jordan Leopold 20 2 2 1
4 Michael Kostka Jared Cowen 10 1 2 2
PowerPlay Forward
Center Left Wing Right Wing Time % Phy DF OF
1 Vincent Lecavalier J.T. Miller Zack Kassian 60 0 1 4
2 Andrei Loktionov Evander Kane Kyle Okposo 40 0 1 4
PowerPlay Defense
Defense Defense Time % Phy DF OF
1 Zach Bogosian Rob Scuderi 60 1 1 3
2 Michael Kostka Jared Cowen 40 1 1 3
Penalty Kill 4 Players Forward
Center Wing Time % Phy DF OF
1 Brandon Sutter J.T. Miller 60 1 3 1
2 Vincent Lecavalier Zack Kassian 40 1 3 1
Penalty Kill 4 Players Defense
Defense Defense Time % Phy DF OF
1 Zach Bogosian Rob Scuderi 60 1 3 1
2 Michael Kostka Jared Cowen 40 1 3 1
Penalty Kill - 3 Players Forward
Forward Time % Phy DF OF
1 Brandon Sutter 60 1 4 0
2 Zack Kassian 40 1 4 0
Penalty Kill - 3 Players Defense
Defense Defense Time % Phy DF OF
1 Zach Bogosian Rob Scuderi 60 1 4 0
2 Michael Kostka Jared Cowen 40 1 4 0
4 vs 4 Forward
Center Wing Time % Phy DF OF
1 Andrei Loktionov J.T. Miller 60 1 2 2
2 Ryan O'Reilly Scottie Upshall 40 1 2 2
4 vs 4 Defense
Defense Defense Time % Phy DF OF
1 Zach Bogosian Rob Scuderi 60 1 2 2
2 Michael Kostka Jared Cowen 40 1 2 2
Last Minutes Offensive
Center Left Wing Right Wing Defense Defense
Vincent Lecavalier Evander Kane Kyle Okposo Zach Bogosian Michael Kostka
Last Minutes Defensive
Center Left Wing Right Wing Defense Defense
Vincent Lecavalier J.T. Miller Zack Kassian Zach Bogosian Jared Cowen
Goaltenders
Starting : Robin Lehner
Backup : Jonas Hiller
Extra Forwards
Normal : Brandon Sutter, Zack Kassian, Matt Martin - PP : Brandon Sutter, Zack Kassian - PK : Matt Martin
Extra Defensemen
Normal : Jakub Kindl, Jordan Leopold, Michael Kostka - PP : Jakub Kindl - PK : Jordan Leopold, Michael Kostka
Penalty Shots
Vincent Lecavalier, Kyle Okposo, Evander Kane, Darcy Hordichuk, Andrei Loktionov
Scratches
Erik Christensen (Healthy), Michael Haley (Healthy)
Kings
5 vs 5 Forward
Center Left Wing Right Wing Time % Phy DF OF
1 Anze Kopitar Drew Miller Nikita Kucherov 35 1 1 3
2 Jordan Nolan Kyle Clifford Jarome Iginla 30 1 2 2
3 Mike Comrie Peter Worrell Patrick Kaleta 20 1 2 2
4 Darroll Powe Chris Mcallister Ryan Callahan 15 1 3 1
5 vs 5 Defense
Defense Defense Time % Phy DF OF
1 Drew Doughty Torey Krug 40 0 3 2
2 Michal Rozsival Oliver Ekman-Larsson 35 1 3 1
3 Ladislav Smid Justin Faulk 25 1 3 1
4 Drew Doughty Oliver Ekman-Larsson 0 1 3 1
PowerPlay Forward
Center Left Wing Right Wing Time % Phy DF OF
1 Anze Kopitar Drew Miller Nikita Kucherov 60 0 1 4
2 Jordan Nolan Kyle Clifford Jarome Iginla 40 0 1 4
PowerPlay Defense
Defense Defense Time % Phy DF OF
1 Drew Doughty Oliver Ekman-Larsson 60 0 2 3
2 Torey Krug Justin Faulk 40 0 2 3
Penalty Kill 4 Players Forward
Center Wing Time % Phy DF OF
1 Mike Comrie Chris Mcallister 60 1 3 1
2 Patrick Kaleta Drew Miller 40 1 3 1
Penalty Kill 4 Players Defense
Defense Defense Time % Phy DF OF
1 Ladislav Smid Michal Rozsival 60 1 4 0
2 Oliver Ekman-Larsson Drew Doughty 40 1 4 0
Penalty Kill - 3 Players Forward
Forward Time % Phy DF OF
1 Anze Kopitar 60 1 2 2
2 Mike Comrie 40 1 2 2
Penalty Kill - 3 Players Defense
Defense Defense Time % Phy DF OF
1 Michal Rozsival Ladislav Smid 60 1 4 0
2 Oliver Ekman-Larsson Drew Doughty 40 1 4 0
4 vs 4 Forward
Center Wing Time % Phy DF OF
1 Anze Kopitar Drew Miller 60 1 2 2
2 Jordan Nolan Jarome Iginla 40 1 2 2
4 vs 4 Defense
Defense Defense Time % Phy DF OF
1 Drew Doughty Oliver Ekman-Larsson 60 1 2 2
2 Michal Rozsival Torey Krug 40 1 2 2
Last Minutes Offensive
Center Left Wing Right Wing Defense Defense
Anze Kopitar Drew Miller Jarome Iginla Oliver Ekman-Larsson Drew Doughty
Last Minutes Defensive
Center Left Wing Right Wing Defense Defense
Anze Kopitar Drew Miller Patrick Kaleta Ladislav Smid Drew Doughty
Goaltenders
Starting : Jonathan Quick
Backup : Mike Brodeur
Extra Forwards
Normal : Mike Comrie, Anze Kopitar, Jarome Iginla - PP : Ryan Callahan, Mike Comrie - PK : Anze Kopitar
Extra Defensemen
Normal : Torey Krug, Justin Faulk, Ladislav Smid - PP : Michal Rozsival - PK : Torey Krug, Justin Faulk
Penalty Shots
Jordan Nolan, Nikita Kucherov, Anze Kopitar, Ryan Callahan, Drew Miller
Scratches
None
% Time on Ice - Sabres
Lines # - Real PCT - Wanted PCT - Time Play
Normal Forward
1 - 36% - 40% - 15:37
2 - 25% - 30% - 10:50
3 - 21% - 20% - 9:11
4 - 17% - 10% - 7:10
Normal Defense
1 - 38% - 40% - 16:11
2 - 31% - 30% - 13:13
3 - 28% - 20% - 12:02
4 - 3% - 10% - 1:22
PP Forward
1 - 57% - 60% - 5:17
2 - 43% - 40% - 3:59
PP Defense
1 - 62% - 60% - 5:46
2 - 38% - 40% - 3:30
PK Forward
1 - 76% - 60% - 6:03
2 - 24% - 40% - 1:53
PK Defense
1 - 68% - 60% - 5:22
2 - 32% - 40% - 2:34
PK3 Forward
1 - 0% - 60%
2 - 0% - 40%
PK3 Defense
1 - 0% - 60%
2 - 0% - 40%
44 Forward
1 - 0% - 60%
2 - 0% - 40%
44 Defense
1 - 0% - 60%
2 - 0% - 40%
Last Minute Offensive - 0:00
Last Minute Defensive - 0:00
Total
Forward - 60:00
Defense - 60:00
|
% Time on Ice - Kings
Lines # - Real PCT - Wanted PCT - Time Play
Normal Forward
1 - 32% - 35% - 13:35
2 - 27% - 30% - 11:22
3 - 23% - 20% - 9:46
4 - 19% - 15% - 8:05
Normal Defense
1 - 41% - 40% - 17:43
2 - 35% - 35% - 15:05
3 - 22% - 25% - 9:29
4 - 1% - 0% - 0:31
PP Forward
1 - 47% - 60% - 3:46
2 - 53% - 40% - 4:10
PP Defense
1 - 62% - 60% - 4:54
2 - 38% - 40% - 3:02
PK Forward
1 - 78% - 60% - 7:12
2 - 22% - 40% - 2:04
PK Defense
1 - 63% - 60% - 5:53
2 - 37% - 40% - 3:23
PK3 Forward
1 - 0% - 60%
2 - 0% - 40%
PK3 Defense
1 - 0% - 60%
2 - 0% - 40%
44 Forward
1 - 0% - 60%
2 - 0% - 40%
44 Defense
1 - 0% - 60%
2 - 0% - 40%
Last Minute Offensive - 0:00
Last Minute Defensive - 0:00
Total
Forward - 60:00
Defense - 60:00
|
Play by Play
1st period
0:01 of 1st period - Vincent Lecavalier wins face-off versus Anze Kopitar in neutral zone.
0:17 of 1st period - Wrist shot by Anze Kopitar.
0:17 of 1st period - Shot Misses the Net.
1:01 of 1st period - Snap shot by Ryan O'Reilly.
1:01 of 1st period - Deflect By Matt Martin.
1:01 of 1st period - Stopped by Jonathan Quick with a rebound.
1:19 of 1st period - Snap shot by Ryan Callahan.
1:19 of 1st period - Shot Blocked by Brandon Sutter.
1:53 of 1st period - Wrist shot by Andrei Loktionov.
1:53 of 1st period - Stopped by Jonathan Quick without a rebound.
1:54 of 1st period - Jordan Nolan wins face-off versus Zack Kassian in Kings zone.
1:56 of 1st period - Minor Penalty to Kyle Clifford for Hooking.
1:57 of 1st period - Mike Comrie wins face-off versus Vincent Lecavalier in Kings zone.
3:56 of 1st period - Penalty to Kyle Clifford is over, Kyle Clifford is back on ice.
4:16 of 1st period - Rob Scuderi is hit by Jarome Iginla and loses puck.
6:06 of 1st period - Off-side.
6:07 of 1st period - Andrei Loktionov wins face-off versus Mike Comrie in neutral zone.
6:52 of 1st period - Wrist shot by Drew Miller.
6:52 of 1st period - Stopped by Robin Lehner without a rebound.
6:53 of 1st period - Vincent Lecavalier wins face-off versus Anze Kopitar in Sabres zone.
7:30 of 1st period - Snap shot by Jordan Nolan.
7:30 of 1st period - Shot Misses the Net.
7:32 of 1st period - Slapshot by Justin Faulk.
7:32 of 1st period - Shot Blocked by Jared Cowen.
8:51 of 1st period - Snap shot by Andrei Loktionov.
8:51 of 1st period - Shot Misses the Net.
8:53 of 1st period - Snap shot by Andrei Loktionov.
8:53 of 1st period - Shot Misses the Net.
9:21 of 1st period - Snap shot by Scottie Upshall.
9:21 of 1st period - Stopped by Jonathan Quick with a rebound.
9:23 of 1st period - Slapshot by Zach Bogosian.
9:23 of 1st period - Stopped by Jonathan Quick without a rebound.
9:24 of 1st period - Vincent Lecavalier wins face-off versus Drew Miller in Kings zone.
9:25 of 1st period - Snap shot by Evander Kane.
9:25 of 1st period - Shot Misses the Net.
9:27 of 1st period - Snap shot by Kyle Okposo.
9:27 of 1st period - Shot Blocked by Drew Doughty.
9:29 of 1st period - Slapshot by Kyle Okposo.
9:29 of 1st period - Deflect By Evander Kane.
9:29 of 1st period - Stopped by Jonathan Quick without a rebound.
9:30 of 1st period - Vincent Lecavalier wins face-off versus Anze Kopitar in Kings zone.
9:31 of 1st period - Snap shot by Evander Kane.
9:31 of 1st period - Shot Blocked by Torey Krug.
9:38 of 1st period - Minor Penalty to Nikita Kucherov for Interference.
9:39 of 1st period - Mike Comrie wins face-off versus Vincent Lecavalier in Kings zone.
9:39 of 1st period - Mike Comrie is hit by J.T. Miller.
10:08 of 1st period - Michal Rozsival is hit by Kyle Okposo and loses puck.
10:13 of 1st period - Slapshot by Evander Kane.
10:13 of 1st period - Goal by Evander Kane - Sabres : 1 - Kings : 0.
10:14 of 1st period - Anze Kopitar wins face-off versus Vincent Lecavalier in neutral zone.
10:48 of 1st period - Minor Penalty to Rob Scuderi for Tripping.
10:49 of 1st period - J.T. Miller wins face-off versus Anze Kopitar in Sabres zone.
11:06 of 1st period - Wrist shot by Anze Kopitar.
11:06 of 1st period - Shot Misses the Net.
11:24 of 1st period - Slapshot by Drew Doughty.
11:24 of 1st period - Shot Blocked by Jordan Leopold.
11:26 of 1st period - Wrist shot by Kyle Clifford.
11:26 of 1st period - Stopped by Robin Lehner with a rebound.
12:48 of 1st period - Penalty to Rob Scuderi is over, Rob Scuderi is back on ice.
12:56 of 1st period - Wrist shot by Ryan O'Reilly.
12:56 of 1st period - Stopped by Jonathan Quick with a rebound.
12:58 of 1st period - Snap shot by Ryan O'Reilly.
12:58 of 1st period - Shot Misses the Net.
13:00 of 1st period - Slapshot by Jakub Kindl.
13:00 of 1st period - Shot Blocked by Oliver Ekman-Larsson.
13:12 of 1st period - Snap shot by Drew Doughty.
13:12 of 1st period - Deflect By Kyle Okposo.
13:12 of 1st period - Stopped by Robin Lehner with a rebound.
13:18 of 1st period - Chris Mcallister is hit by Evander Kane.
13:58 of 1st period - Drew Miller is hit by Vincent Lecavalier and loses puck.
14:15 of 1st period - Ladislav Smid is hit by Jared Cowen and loses puck.
14:22 of 1st period - J.T. Miller is hit by Chris Mcallister and loses puck.
14:37 of 1st period - Jarome Iginla is hit by Ryan O'Reilly and loses puck.
15:11 of 1st period - Slapshot by Zach Bogosian.
15:11 of 1st period - Shot Blocked by Patrick Kaleta.
15:45 of 1st period - Drew Miller is hit by Vincent Lecavalier and loses puck.
16:29 of 1st period - Brandon Sutter is hit by Darroll Powe and loses puck.
16:36 of 1st period - Rob Scuderi is hit by Darroll Powe and loses puck.
16:44 of 1st period - Zach Bogosian is hit by Ryan Callahan and loses puck.
17:02 of 1st period - Rob Scuderi is hit by Peter Worrell and loses puck.
17:56 of 1st period - Snap shot by Anze Kopitar.
17:56 of 1st period - Stopped by Robin Lehner with a rebound.
18:06 of 1st period - Jared Cowen is hit by Michal Rozsival and loses puck.
18:15 of 1st period - Peter Worrell is hit by Evander Kane and loses puck.
18:32 of 1st period - Snap shot by Evander Kane.
18:32 of 1st period - Stopped by Jonathan Quick without a rebound.
18:33 of 1st period - Andrei Loktionov wins face-off versus Anze Kopitar in Kings zone.
18:42 of 1st period - Wrist shot by Anze Kopitar.
18:42 of 1st period - Shot Misses the Net.
19:32 of 1st period - Brandon Sutter is hit by Ryan Callahan and loses puck.
19:55 of 1st period - Wrist shot by Patrick Kaleta.
19:55 of 1st period - Shot Misses the Net.
Goals for this period are 1 for Sabres vs 0 for Kings.
Shots for this period are 8 for Sabres vs 4 for Kings.
2nd period
0:01 of 2nd period - Vincent Lecavalier wins face-off versus Anze Kopitar in neutral zone.
0:04 of 2nd period - Slapshot by Zach Bogosian.
0:04 of 2nd period - Shot Misses the Net.
0:10 of 2nd period - Slapshot by Drew Doughty.
0:10 of 2nd period - Stopped by Robin Lehner with a rebound.
0:12 of 2nd period - Snap shot by Torey Krug.
0:12 of 2nd period - Shot Blocked by Vincent Lecavalier.
0:14 of 2nd period - Slapshot by Drew Miller.
0:14 of 2nd period - Shot Misses the Net.
0:16 of 2nd period - Slapshot by Anze Kopitar.
0:16 of 2nd period - Stopped by Robin Lehner without a rebound.
0:17 of 2nd period - Jordan Nolan wins face-off versus Andrei Loktionov in Sabres zone.
0:24 of 2nd period - Snap shot by Jordan Nolan.
0:24 of 2nd period - Shot Misses the Net.
1:16 of 2nd period - Icing by Oliver Ekman-Larsson.
1:17 of 2nd period - Mike Comrie wins face-off versus Andrei Loktionov in Kings zone.
1:43 of 2nd period - Michal Rozsival is hit by Kyle Okposo and loses puck.
1:48 of 2nd period - Snap shot by Evander Kane.
1:48 of 2nd period - Shot Misses the Net.
1:50 of 2nd period - Snap shot by Evander Kane.
1:50 of 2nd period - Goal by Evander Kane - Sabres : 2 - Kings : 0.
1:51 of 2nd period - Jordan Nolan wins face-off versus Vincent Lecavalier in neutral zone.
1:54 of 2nd period - Snap shot by Drew Doughty.
1:54 of 2nd period - Stopped by Robin Lehner with a rebound.
1:56 of 2nd period - Snap shot by Jordan Nolan.
1:56 of 2nd period - Shot Misses the Net.
2:14 of 2nd period - Icing by Drew Doughty.
2:15 of 2nd period - Andrei Loktionov wins face-off versus Anze Kopitar in Kings zone.
2:27 of 2nd period - Slapshot by Michael Kostka.
2:27 of 2nd period - Goal by Michael Kostka - Sabres : 3 - Kings : 0.
2:28 of 2nd period - Anze Kopitar wins face-off versus Vincent Lecavalier in neutral zone.
2:43 of 2nd period - Wrist shot by Drew Miller.
2:43 of 2nd period - Stopped by Robin Lehner with a rebound.
2:45 of 2nd period - Wrist shot by Nikita Kucherov.
2:45 of 2nd period - Stopped by Robin Lehner with a rebound.
3:46 of 2nd period - Slapshot by Patrick Kaleta.
3:46 of 2nd period - Stopped by Robin Lehner without a rebound.
3:47 of 2nd period - Anze Kopitar wins face-off versus Vincent Lecavalier in Sabres zone.
4:35 of 2nd period - Snap shot by Drew Doughty.
4:35 of 2nd period - Shot Blocked by Evander Kane.
5:13 of 2nd period - Wrist shot by Anze Kopitar.
5:13 of 2nd period - Stopped by Robin Lehner with a rebound.
5:15 of 2nd period - Slapshot by Drew Doughty.
5:15 of 2nd period - Stopped by Robin Lehner with a rebound.
5:17 of 2nd period - Slapshot by Drew Doughty.
5:17 of 2nd period - Shot Blocked by Kyle Okposo.
5:35 of 2nd period - Snap shot by Anze Kopitar.
5:35 of 2nd period - Shot Misses the Net.
5:37 of 2nd period - Slapshot by Torey Krug.
5:37 of 2nd period - Stopped by Robin Lehner with a rebound.
5:39 of 2nd period - Snap shot by Drew Miller.
5:39 of 2nd period - Stopped by Robin Lehner with a rebound.
5:41 of 2nd period - Slapshot by Drew Doughty.
5:41 of 2nd period - Stopped by Robin Lehner without a rebound.
5:42 of 2nd period - Jordan Nolan wins face-off versus Andrei Loktionov in Sabres zone.
5:53 of 2nd period - Snap shot by Kyle Clifford.
5:53 of 2nd period - Shot Blocked by Zach Bogosian.
5:55 of 2nd period - Minor Penalty to Rob Scuderi for Hooking.
5:56 of 2nd period - Jordan Nolan wins face-off versus Brandon Sutter in Sabres zone.
6:39 of 2nd period - Mike Comrie is hit by Jared Cowen and loses puck.
6:48 of 2nd period - Wrist shot by Matt Martin.
6:48 of 2nd period - Deflect By Darcy Hordichuk.
6:48 of 2nd period - Goal by Darcy Hordichuk - Sabres : 4 - Kings : 0.
6:48 of 2nd period - Mike Brodeur enters game.
6:49 of 2nd period - Brandon Sutter wins face-off versus Jordan Nolan in neutral zone.
7:15 of 2nd period - J.T. Miller is hit by Kyle Clifford and loses puck.
7:55 of 2nd period - Penalty to Rob Scuderi is over, Rob Scuderi is back on ice.
8:05 of 2nd period - Slapshot by Mike Comrie.
8:05 of 2nd period - Shot Blocked by Michael Kostka.
8:09 of 2nd period - Slapshot by Patrick Kaleta.
8:09 of 2nd period - Shot Misses the Net.
8:11 of 2nd period - Wrist shot by Peter Worrell.
8:11 of 2nd period - Goal by Peter Worrell - Sabres : 4 - Kings : 1.
8:12 of 2nd period - Ryan O'Reilly wins face-off versus Jordan Nolan in neutral zone.
8:20 of 2nd period - Minor Penalty to Jarome Iginla for Interference.
8:21 of 2nd period - Mike Comrie wins face-off versus Vincent Lecavalier in Kings zone.
8:54 of 2nd period - Backhand shot by Andrei Loktionov.
8:54 of 2nd period - Shot Blocked by Michal Rozsival.
8:56 of 2nd period - Wrist shot by Jared Cowen.
8:56 of 2nd period - Shot Blocked by Patrick Kaleta.
10:20 of 2nd period - Penalty to Jarome Iginla is over, Jarome Iginla is back on ice.
10:37 of 2nd period - Michal Rozsival is hit by Zach Bogosian and loses puck.
11:08 of 2nd period - Wrist shot by Mike Comrie.
11:08 of 2nd period - Stopped by Robin Lehner without a rebound.
11:09 of 2nd period - Brandon Sutter wins face-off versus Anze Kopitar in Sabres zone.
11:59 of 2nd period - Slapshot by Darcy Hordichuk.
11:59 of 2nd period - Shot Blocked by Peter Worrell.
12:15 of 2nd period - Ladislav Smid is hit by Jakub Kindl and loses puck.
12:35 of 2nd period - Drew Miller is hit by Scottie Upshall and loses puck.
12:55 of 2nd period - Peter Worrell is hit by Evander Kane and loses puck.
13:00 of 2nd period - Wrist shot by Kyle Okposo.
13:00 of 2nd period - Stopped by Mike Brodeur with a rebound.
14:15 of 2nd period - Slapshot by Darcy Hordichuk.
14:15 of 2nd period - Stopped by Mike Brodeur without a rebound.
14:16 of 2nd period - Vincent Lecavalier wins face-off versus Jordan Nolan in Kings zone.
14:23 of 2nd period - Snap shot by Ladislav Smid.
14:23 of 2nd period - Stopped by Robin Lehner with a rebound.
14:46 of 2nd period - Wrist shot by Chris Mcallister.
14:46 of 2nd period - Goal by Chris Mcallister - Sabres : 4 - Kings : 2.
14:47 of 2nd period - Jordan Nolan wins face-off versus Vincent Lecavalier in neutral zone.
14:58 of 2nd period - Wrist shot by Vincent Lecavalier.
14:58 of 2nd period - Stopped by Mike Brodeur without a rebound.
14:59 of 2nd period - Jordan Nolan wins face-off versus Andrei Loktionov in Kings zone.
15:03 of 2nd period - Oliver Ekman-Larsson is hit by J.T. Miller and loses puck.
15:10 of 2nd period - Jordan Nolan is hit by Zack Kassian and loses puck.
15:41 of 2nd period - Minor Penalty to Michal Rozsival for Roughing.
15:42 of 2nd period - Mike Comrie wins face-off versus Andrei Loktionov in Kings zone.
16:52 of 2nd period - Slapshot by Drew Miller.
16:52 of 2nd period - Stopped by Robin Lehner with a rebound.
17:23 of 2nd period - Vincent Lecavalier is hit by Ladislav Smid and loses puck.
17:41 of 2nd period - Penalty to Michal Rozsival is over, Michal Rozsival is back on ice.
19:31 of 2nd period - J.T. Miller is hit by Torey Krug and loses puck.
19:46 of 2nd period - Michal Rozsival is hit by Brandon Sutter and loses puck.
19:58 of 2nd period - Minor Penalty to Scottie Upshall for Interference.
19:59 of 2nd period - Anze Kopitar wins face-off versus Brandon Sutter in Sabres zone.
Goals for this period are 3 for Sabres vs 2 for Kings.
Shots for this period are 6 for Sabres vs 16 for Kings.
3rd period
0:01 of 3rd period - Brandon Sutter wins face-off versus Anze Kopitar in neutral zone.
0:04 of 3rd period - Slapshot by Zach Bogosian.
0:04 of 3rd period - Stopped by Mike Brodeur with a rebound.
0:10 of 3rd period - Wrist shot by Drew Miller.
0:10 of 3rd period - Stopped by Robin Lehner without a rebound.
0:11 of 3rd period - Brandon Sutter wins face-off versus Anze Kopitar in Sabres zone.
0:11 of 3rd period - Brandon Sutter is hit by Oliver Ekman-Larsson.
0:17 of 3rd period - Slapshot by Rob Scuderi.
0:17 of 3rd period - Stopped by Mike Brodeur with a rebound.
1:23 of 3rd period - Snap shot by Evander Kane.
1:23 of 3rd period - Shot Blocked by Anze Kopitar.
1:25 of 3rd period - Snap shot by Matt Martin.
1:25 of 3rd period - Stopped by Mike Brodeur without a rebound.
1:26 of 3rd period - Matt Martin wins face-off versus Jordan Nolan in Kings zone.
1:58 of 3rd period - Penalty to Scottie Upshall is over, Scottie Upshall is back on ice.
2:44 of 3rd period - Andrei Loktionov is hit by Kyle Clifford and loses puck.
3:21 of 3rd period - Minor Penalty to Darroll Powe for Interference.
3:22 of 3rd period - Vincent Lecavalier wins face-off versus Mike Comrie in Kings zone.
3:29 of 3rd period - Wrist shot by Zack Kassian.
3:29 of 3rd period - Shot Blocked by Ladislav Smid.
3:31 of 3rd period - Backhand shot by Rob Scuderi.
3:31 of 3rd period - Deflect By Zack Kassian.
3:31 of 3rd period - Shot Blocked by Ladislav Smid.
3:31 of 3rd period - Puck is out of play.
3:32 of 3rd period - Mike Comrie wins face-off versus Vincent Lecavalier in Kings zone.
3:52 of 3rd period - Icing by Zach Bogosian.
3:53 of 3rd period - Vincent Lecavalier wins face-off versus Mike Comrie in Sabres zone.
4:06 of 3rd period - Slapshot by Zack Kassian.
4:06 of 3rd period - Goal by Zack Kassian - Sabres : 5 - Kings : 2.
4:07 of 3rd period - Anze Kopitar wins face-off versus Vincent Lecavalier in neutral zone.
4:12 of 3rd period - Evander Kane is hit by Oliver Ekman-Larsson and loses puck.
4:55 of 3rd period - Ryan Callahan is hit by Scottie Upshall and loses puck.
4:59 of 3rd period - Icing by Darroll Powe.
5:00 of 3rd period - Darroll Powe wins face-off versus Vincent Lecavalier in Kings zone.
5:09 of 3rd period - Wrist shot by Drew Doughty.
5:09 of 3rd period - Stopped by Robin Lehner without a rebound.
5:10 of 3rd period - Anze Kopitar wins face-off versus Vincent Lecavalier in Sabres zone.
5:34 of 3rd period - Icing by Jared Cowen.
5:35 of 3rd period - Andrei Loktionov wins face-off versus Kyle Clifford in Sabres zone.
5:37 of 3rd period - Icing by Zack Kassian.
5:38 of 3rd period - Andrei Loktionov wins face-off versus Jordan Nolan in Sabres zone.
6:04 of 3rd period - Torey Krug is hit by Evander Kane and loses puck.
6:11 of 3rd period - Slapshot by Drew Doughty.
6:11 of 3rd period - Stopped by Robin Lehner without a rebound.
6:12 of 3rd period - Kyle Clifford wins face-off versus Vincent Lecavalier in Sabres zone.
6:37 of 3rd period - Nikita Kucherov is hit by J.T. Miller.
6:45 of 3rd period - Rob Scuderi is hit by Oliver Ekman-Larsson and loses puck.
7:04 of 3rd period - Wrist shot by Drew Doughty.
7:04 of 3rd period - Shot Misses the Net.
7:36 of 3rd period - Minor Penalty to Mike Comrie for Interference.
7:37 of 3rd period - Anze Kopitar wins face-off versus Vincent Lecavalier in Kings zone.
7:48 of 3rd period - Slapshot by Jared Cowen.
7:48 of 3rd period - Shot Blocked by Anze Kopitar.
7:50 of 3rd period - Wrist shot by J.T. Miller.
7:50 of 3rd period - Shot Blocked by Michal Rozsival.
7:52 of 3rd period - Snap shot by J.T. Miller.
7:52 of 3rd period - Stopped by Mike Brodeur with a rebound.
8:02 of 3rd period - Anze Kopitar is hit by Andrei Loktionov and loses puck.
9:21 of 3rd period - Oliver Ekman-Larsson is hit by Rob Scuderi and loses puck.
9:36 of 3rd period - Penalty to Mike Comrie is over, Mike Comrie is back on ice.
9:36 of 3rd period - Zach Bogosian is hit by Patrick Kaleta and loses puck.
9:41 of 3rd period - Snap shot by Drew Miller.
9:41 of 3rd period - Shot Misses the Net.
9:43 of 3rd period - Wrist shot by Drew Miller.
9:43 of 3rd period - Shot Misses the Net.
9:45 of 3rd period - Slapshot by Ladislav Smid.
9:45 of 3rd period - Stopped by Robin Lehner with a rebound.
9:53 of 3rd period - Wrist shot by Drew Miller.
9:53 of 3rd period - Shot Misses the Net.
9:55 of 3rd period - Slapshot by Torey Krug.
9:55 of 3rd period - Shot Misses the Net.
9:57 of 3rd period - Wrist shot by Patrick Kaleta.
9:57 of 3rd period - Kings goal is going for a video replay.
9:57 of 3rd period - The goal is refused. The goalkeeper has been pushed into the net together with the puck after making a save..
9:58 of 3rd period - Darroll Powe wins face-off versus Ryan O'Reilly in Sabres zone.
10:27 of 3rd period - Brandon Sutter is hit by Patrick Kaleta and loses puck.
10:44 of 3rd period - Slapshot by Drew Doughty.
10:44 of 3rd period - Shot Misses the Net.
11:55 of 3rd period - Snap shot by Mike Comrie.
11:55 of 3rd period - Stopped by Robin Lehner with a rebound.
12:50 of 3rd period - Jakub Kindl is hit by Oliver Ekman-Larsson and loses puck.
13:45 of 3rd period - Minor Penalty to Branko Radivojevic for Tripping.
13:46 of 3rd period - J.T. Miller wins face-off versus Anze Kopitar in Sabres zone.
13:46 of 3rd period - J.T. Miller is hit by Nikita Kucherov.
15:31 of 3rd period - Jordan Nolan is hit by Evander Kane and loses puck.
15:38 of 3rd period - Matt Martin is hit by Kyle Clifford and loses puck.
15:45 of 3rd period - Penalty to Branko Radivojevic is over, Branko Radivojevic is back on ice.
15:57 of 3rd period - Rob Scuderi is hit by Justin Faulk and loses puck.
16:31 of 3rd period - Kyle Okposo is hit by Ladislav Smid and loses puck.
17:29 of 3rd period - Branko Radivojevic is hit by Chris Mcallister and loses puck.
18:15 of 3rd period - Torey Krug is hit by Matt Martin and loses puck.
18:32 of 3rd period - Drew Doughty is hit by J.T. Miller and loses puck.
18:43 of 3rd period - Drew Doughty is hit by Michael Kostka and loses puck.
18:53 of 3rd period - Icing by Drew Doughty.
18:54 of 3rd period - Kyle Okposo wins face-off versus Darroll Powe in Kings zone.
19:01 of 3rd period - Slapshot by Vincent Lecavalier.
19:01 of 3rd period - Shot Blocked by Ryan Callahan.
19:21 of 3rd period - Snap shot by Anze Kopitar.
19:21 of 3rd period - Stopped by Robin Lehner without a rebound.
19:22 of 3rd period - Andrei Loktionov wins face-off versus Anze Kopitar in Sabres zone.
19:30 of 3rd period - Slapshot by Rob Scuderi.
19:30 of 3rd period - Deflect By Drew Miller.
19:30 of 3rd period - Stopped by Mike Brodeur without a rebound.
19:31 of 3rd period - Andrei Loktionov wins face-off versus Anze Kopitar in Kings zone.
19:58 of 3rd period - Wrist shot by Jordan Nolan.
19:58 of 3rd period - Shot Blocked by Rob Scuderi.
Goals for this period are 1 for Sabres vs 0 for Kings.
Shots for this period are 6 for Sabres vs 7 for Kings.
Back to the Top